 Dungeon Crawl Stone Soup version 0.28-a0-1504-g839a4452db (webtiles) character file.

Game seed: 604013218169471951

1589 Cheeritup the Ruffian (level 8, -17/68 HPs)
             Began as a Black Draconian Transmuter on Jan 13, 2022.
             Engulfed by a cloud of flame (21 damage)
             ... on level 7 of the Dungeon.
             The game lasted 00:15:02 (6268 turns).

Cheeritup the Ruffian (Black Draconian Transmuter)  Turns: 6268, Time: 00:15:02

Health: -17/68     AC:  6    Str: 12    XL:     8   Next: 61%
Magic:  8/11       EV: 12    Int: 17    God:
Gold:   366        SH:  0    Dex: 11    Spells: 6/12 levels left

rFire   . . .      SeeInvis .     - Unarmed
rCold   . . .      Faith    .   u - orb {*Rage}
rNeg    . . .      Spirit   .   (armour unavailable)
rPois   +          Reflect  .   (helmet currently unavailable)
rElec   +          Harm     .   (no cloak)
rCorr   .          Rampage  .   (no gloves)
Will    .....      Rage     20% (boots currently unavailable)
Stlth   +.........              j - amulet of regeneration
HPRegen 1.01/turn               s - +4 ring of slaying
MPRegen 0.12/turn               h - ring of poison resistance

@: short of breath, appendages, wereblooded
A: horns 2, talons 2, breathe lightning, AC +6, unfitting armour, electricity
resistance, cold-blooded
a: Breathe Lightning, End Transformation


You were on level 7 of the Dungeon.
You had temporarily grown beastly horns and talons.
You visited 1 branch of the dungeon, and saw 7 of its levels.

You collected 366 gold pieces.

Inventory:

Hand Weapons
 b - a +0 hunting sling
Missiles
 m - 4 boomerangs
 n - 19 poisoned darts
 o - 106 sling bullets
Armour
 u - an orb of wrath (worn)
Jewellery
 e - an amulet of faith
 h - a ring of poison resistance (right hand)
 j - an amulet of regeneration (around neck)
 s - a +4 ring of slaying (left hand)
Wands
 a - a wand of paralysis (10)
 t - a wand of mindburst (7)
Scrolls
 i - 2 scrolls of amnesia
 k - 3 scrolls of fog
 w - a scroll of torment {unknown}
 y - a scroll of enchant armour {unknown}
 z - a scroll of enchant weapon {unknown}
 A - a scroll of blinking
Potions
 c - a potion of heal wounds
 d - 2 potions of might
 f - 5 potions of curing
 g - 3 potions of lignification
 l - 2 potions of flight
 p - 2 potions of invisibility {unknown}
 q - 2 potions of resistance {unknown}
 r - a potion of degeneration
 x - 2 potions of mutation {unknown}
 B - 3 potions of ambrosia {unknown}
 C - 2 potions of attraction {unknown}


   Skills:
 - Level 5.0 Fighting
 + Level 2.3 Dodging
 + Level 7.3 Unarmed Combat
 + Level 2.5 Spellcasting
 + Level 7.1 Transmutations


You had 6 spell levels left.
You knew the following spells:

 Your Spells              Type           Power      Damage    Failure   Level
a - Beastly Appendage     Tmut           52%        N/A       1%          1
b - Wereblood             Tmut           26%        N/A       1%          2
c - Spider Form           Tmut/Pois      14%        N/A       13%         3

Your spell library contained the following spells:

 Spells                   Type           Power      Damage    Failure   Level
 Ice Form                 Ice/Tmut       14%        N/A       38%         4


Dungeon Overview and Level Annotations

Branches:
Dungeon (7/15)
 Temple: D:4-7

Altars:
Cheibriados
Makhleb
Nemelex Xobeh
Uskayaw
Vehumet

Shops:
D:1 :   D:4 [

Annotations:
D:4 exclusion: statue


Innate Abilities, Weirdness & Mutations

You have temporarily grown beastly horns and talons.
You can breathe wild blasts of lightning.
Your glossy black scales are hard. (AC +6)
You cannot fit into any form of body armour.
You are resistant to electric shocks. (rElec)
You are cold-blooded and may be slowed by cold attacks.


Message History

Found a long sword.
Found a robe.
Found 2 silver javelins. 4 orcs come into view.
The orc shouts! x3
As you read the scroll labelled ISAJAC KEULIU, it crumbles to dust.
The creatures around you are filled with an inner flame!
It was a scroll of immolation.
You grow a pair of large bovine horns.
Your feet morph into talons.
The orc jeers loudly, in orcish tradition.
The orc misses you.
You hit the orc.
Flame seeps out of the orc.
You claw the orc.
The orc explodes!
The fiery explosion engulfs you!!
You are engulfed in blazing flames.
* * * LOW HITPOINT WARNING * * *
You are too injured to fight recklessly!
You are too injured to fight recklessly!
Activating: Breathe Lightning (4% risk of failure)
Press: ? - help, Dir - look around, f - activate Look: an orc, wielding a +0 flail and wearing a +0 scale mail (inner flame)
You breathe a wild blast of lightning!
You hear a mighty clap of thunder!
The orb of electricity explodes!
You hear a mighty clap of thunder!
You hear a shout! x8
You hear an angry hiss.
Casting: Beastly Appendage (safe; 1% risk of failure)
Confirm with . or Enter, or press ? or * to list all spells.
You extend your transformation's duration.
Casting: Beastly Appendage (safe; 1% risk of failure)
Confirm with . or Enter, or press ? or * to list all spells.
Your blood is infused with primal strength.
You closely miss the orc. The orc closely misses you.
You punch the orc!
You feel a bit better.
The orc explodes!
The fiery explosion engulfs the orc!!
The fiery explosion engulfs you!!!
Ouch! That really hurt!
* * * LOW HITPOINT WARNING * * *
The orc explodes!
You are engulfed in blazing flames.
You die...

...............#=##.###..
..................#...###
....................##.#
.####...########.......#
#...# #.......# #...#
#..#.##.# # #...#
#..#.##.## ...####§§§####
#.........
#.......§§§@..#
#....##.#.
#.#####.§§###.#
#....##.#.
...####...###.###
#.......#.
#..............
##...##### #
###.......###.##. #####
#.#....>....###.#
#.....).........#
#.......#.#####
###.###...###.#


There were no monsters in sight!

Vanquished Creatures
  A troll (D:6)
  A water moccasin (D:6)
  3 ogres
  2 centaurs (D:6)
  A kobold brigand (D:4)
  4 scorpions
  A water moccasin skeleton (D:7)
  4 wights (D:6)
  A bullfrog zombie (D:5)
  4 hounds
  An orc wizard (D:7)
  A hound skeleton (D:4)
  A howler monkey zombie (D:6)
  A howler monkey skeleton (D:6)
  6 adders
  An ufetubus (D:5)
  A worm (D:2)
  A dart slug (D:2)
  6 orcs
  7 endoplasms
  A giant cockroach (D:1)
  4 goblins
  10 hobgoblins
  10 kobolds
  3 quokkas
  5 ball pythons
  4 frilled lizards (D:1)
  8 rats
93 creatures vanquished.

Notes
Turn   | Place    | Note
-------+----------+-------------------------------------------
     0 | D:1      | Cheeritup the Draconian Transmuter began the quest for the
                  | Orb.
     0 | D:1      | Reached XP level 1. HP: 16/16 MP: 3/3
   168 | D:1      | Reached XP level 2. HP: 13/23 MP: 5/5
   174 | D:1      | Learned a level 2 spell: Wereblood
   539 | D:1      | Found Icosmiur's Book Boutique.
  1403 | D:2      | Reached XP level 3. HP: 26/29 MP: 4/6
  1407 | D:2      | Learned a level 3 spell: Spider Form
  2074 | D:2      | Found a faded altar of an unknown god.
  2440 | D:3      | Reached XP level 4. HP: 25/36 MP: 3/7
  3181 | D:4      | Found a sparkling altar of Nemelex Xobeh.
  3271 | D:4      | Found a radiant altar of Vehumet.
  3272 | D:4      | Noticed a charred statue
  3772 | D:4      | Reached XP level 5. HP: 42/42 MP: 6/8
  3816 | D:4      | Found Allovuam's Antique Armour Shoppe.
  4228 | D:5      | Entered Level 5 of the Dungeon
  4428 | D:5      | Reached XP level 6. HP: 51/51 MP: 7/9
  4511 | D:5      | Reached skill level 5 in Unarmed Combat
  4570 | D:5      | Reached skill level 5 in Transmutations
  4605 | D:5      | Your scales start taking on a glossy black colour.
  4605 | D:5      | Reached XP level 7. HP: 58/58 MP: 6/10
  4605 | D:5      | Gained mutation: You are resistant to electric shocks.
                  | (rElec) [Black Draconian growth]
  4969 | D:6      | Found a burning altar of Makhleb.
  5026 | D:6      | Found a snail-covered altar of Cheibriados.
  5120 | D:6      | Noticed a troll
  5127 | D:6      | Killed a troll
  5128 | D:6      | Reached XP level 8. HP: 19/67 MP: 9/11
  5297 | D:6      | Reached skill level 5 in Fighting
  6173 | D:7      | Found a hide-covered altar of Uskayaw.
  6268 | D:7      | Engulfed by a cloud of flame

Illustrated notes

Levels and vault maps discovered:
D:1:      amcnicky_arrival_flooded_fountain, layout_rooms, serial_aquarium,
          aquarium_bridge_square [aquarium_subvault_bridge,
          aquarium_subvault_wall, aquarium_subvault_wall,
          aquarium_subvault_window], aquarium_bridge_square
          [aquarium_subvault_window, aquarium_subvault_bridge,
          aquarium_subvault_window, aquarium_subvault_wall],
          aquarium_window_corridor_2, aquarium_window_2, aquarium_view_2d,
          aquarium_view_2b, serial_shops, shop, minmay_lizard_pond
D:2:      layout_rooms, shapermc_ecumenical_altar_mp_vishouse
D:3:      layout_loops_ring
D:4:      minmay_spotlight, layout_layer_cave, overflow_temple_1_default,
          vehumet_statue, serial_shops, shop_fountains, kennysheep_donut,
          minmay_close_crescents
D:5:      layout_cave_pools
D:6:      layout_basic, mainiacjoe_overflow_large_starburst
D:7:      layout_loops_cross, mainiacjoe_overflow_alcove_4, led_sif_book,
          minmay_temple_entry_slanted

Skill      XL: |  1  2  3  4  5  6  7  8 |
---------------+-------------------------+-----
Transmutations | 3 4 5 6 7 |  7.1
Fighting       | 2 3 4 5 |  5.0
Unarmed Combat | 4 5 6 7 |  7.3
Dodging        | 2 |  2.3
Spellcasting   | |  2.5

Action                   |  1- 3 |  4- 6 |  7- 9 || total
-------------------------+-------+-------+-------++-------
Melee: Unarmed           |   100 |     5 |    11 ||   116
       Kick              |    17 |    11 |    15 ||    43
       Headbutt          |    16 |    11 |     2 ||    29
       Tailslap          |     7 |     5 |    10 ||    22
       Whip              |       |    70 |    54 ||   124
       Punch             |       |     1 |       ||     1
 Cast: Beastly Appendage |    24 |    16 |     9 ||    49
       Wereblood         |     3 |     5 |     3 ||    11
 Abil: Breathe Lightning |       |       |     5 ||     5
  Use: Scroll            |       |    12 |     1 ||    13
 Stab: Sleeping          |     1 |       |       ||     1
Armor: Skin              |    21 |    19 |    27 ||    67
Dodge: Dodged            |    55 |    42 |    36 ||   133

Table legend: (Time is in decaauts)
 A = Elapsed time spent in this place.
 B = Non-inter-level travel time spent in this place.
 C = Inter-level travel time spent in this place.
 D = Time resting spent in this place.
 E = Time spent auto-exploring this place.
 F = Levels seen in this place.
 G = Mean time per level.
                   A        B        C        D        E       F      G
               +--------+--------+--------+--------+--------+-----+--------+
         Total |   6400 |   6058 |    342 |    994 |   4206 |   7 |  914.3 |
       Dungeon |   6400 |   6058 |    342 |    994 |   4206 |   7 |  914.3 |
               +--------+--------+--------+--------+--------+-----+--------+

Top non-repeatable levels by time:
     D:4: 1361 daAuts
     D:1: 1238 daAuts
     D:6: 1152 daAuts
     D:2: 914 daAuts
     D:3: 774 daAuts
     D:5: 722 daAuts
     D:7: 237 daAuts
